| TOP OF THE 1ST |
|
Aberdeen Ironbirds batting - Pitching for Connecticut Tigers : LHP Randolph Main
|
|
Pitching: LHP Randolph Main
|
|
|
Batting: RHB Ryan Bentz
|
0-0: Ball 1-0: Called Strike 1-1: Ball 2-1: Foul Ball, location: 2F 2-2: Ground out 3-1 (Groundball, 34, EV 103.1 MPH)
|
|
Batting: LHB Danny Schultz
|
0-0: Ball 1-0: Swinging Strike 1-1: Called Strike 1-2: Ball 2-2: Foul Ball, location: 2F 2-2: Ball 3-2: Strikes out looking
|
|
Batting: RHB Graham Calvert
|
0-0: Ball 1-0: Swinging Strike 1-1: Foul Ball, location: 2F 1-2: Fly out, F9 (Line Drive, 8RM, EV 91.9 MPH)
|
| Top of the 1st over - 0 runs, 0 hits, 0 errors, 0 left on base; Aberdeen 0 - Connecticut 0 |
| BOTTOM OF THE 1ST |
|
Connecticut Tigers batting - Pitching for Aberdeen Ironbirds : LHP Oliver Troiano
|
|
Pitching: LHP Oliver Troiano
|
|
|
Batting: RHB Seth Fox
|
0-0: Ball 1-0: Ground out 6-3 (Groundball, 6, EV 103.8 MPH)
|
|
Batting: RHB Yaremka Rzhevsky
|
0-0: Called Strike 0-1: SINGLE (Groundball, 5S, EV 73.8 MPH) (infield hit)
|
|
Batting: RHB Tony Nunez
|
0-0: Called Strike 0-1: Ball 1-1: Called Strike 1-2: Foul Ball, location: 2F 1-2: Strikes out swinging
|
|
Batting: SHB Ronnie Lundy
|
0-0: Ball Yaremka Rzhevsky is caught stealing 2nd base 2-4
|
| Bottom of the 1st over - 0 runs, 1 hit, 0 errors, 0 left on base; Aberdeen 0 - Connecticut 0 |
| TOP OF THE 2ND |
|
Aberdeen Ironbirds batting - Pitching for Connecticut Tigers : LHP Randolph Main
|
|
Batting: RHB Luis Roman
|
0-0: Ball 1-0: Ball 2-0: Swinging Strike 2-1: Foul Ball, location: 2F 2-2: Ball 3-2: Ground out 6-3 (Groundball, 6, EV 85.6 MPH)
|
|
Batting: LHB Chris Cohen
|
0-0: Foul Ball, location: 2F 0-1: Ball 1-1: Foul Ball, location: 2F 1-2: Ball 2-2: Foul Ball, location: 2F 2-2: Strikes out swinging
|
|
Batting: LHB Chris Barrera
|
0-0: Called Strike 0-1: DOUBLE (Flyball, 8RXD, EV 98.8 MPH)
|
|
Batting: RHB Tim Cleary
|
0-0: Ball 1-0: Swinging Strike 1-1: Called Strike 1-2: Ball 2-2: Strikes out swinging
|
| Top of the 2nd over - 0 runs, 1 hit, 0 errors, 1 left on base; Aberdeen 0 - Connecticut 0 |
| BOTTOM OF THE 2ND |
|
Connecticut Tigers batting - Pitching for Aberdeen Ironbirds : LHP Oliver Troiano
|
|
Batting: SHB Ronnie Lundy
|
0-0: Foul Ball, location: 2F 0-1: Called Strike 0-2: Foul Ball, location: 2F 0-2: Ball 1-2: Foul Ball, location: 2F 1-2: Ground out 5-3 (Groundball, 56S, EV 86.9 MPH)
|
|
Batting: LHB Jon Pedlar
|
0-0: Ball 1-0: Called Strike 1-1: Foul Ball, location: 2F 1-2: Foul Ball, location: 2F 1-2: Ball 2-2: Strikes out looking
|
|
Batting: LHB Ryan Adams
|
0-0: Swinging Strike 0-1: Ball 1-1: Foul Ball, location: 2F 1-2: Ball 2-2: Foul Ball, location: 2F 2-2: Foul Ball, location: 2F 2-2: Ball 3-2: Foul Ball, location: 2F 3-2: SINGLE (Groundball, 34D, EV 106.2 MPH)
|
|
Batting: LHB Glen Boyle
|
0-0: Ball 1-0: Ball 2-0: Ball 3-0: Called Strike 3-1: SINGLE (Groundball, 56D, EV 99.4 MPH) Ryan Adams to second
|
|
Batting: RHB Dustin Bursell
|
0-0: Ball 1-0: Called Strike 1-1: Foul Ball, location: 2F 1-2: Strikes out swinging
|
| Bottom of the 2nd over - 0 runs, 2 hits, 0 errors, 2 left on base; Aberdeen 0 - Connecticut 0 |
| TOP OF THE 3RD |
|
Aberdeen Ironbirds batting - Pitching for Connecticut Tigers : LHP Randolph Main
|
|
Batting: LHB Ivan Alvarez
|
0-0: SINGLE (Groundball, 4MD, EV 100.0 MPH)
|
|
Batting: LHB Antonio Gutierrez
|
0-0: Ball 1-0: Swinging Strike 1-1: Foul Ball, location: 2F 1-2: Ball 2-2: Ball 3-2: Base on Balls Ivan Alvarez to second
|
|
Batting: RHB Ryan Bentz
|
0-0: Called Strike 0-1: Called Strike 0-2: Ball 1-2: Fielders Choice at 2nd, 3-6 (Groundball, 34, EV 101.2 MPH) Ivan Alvarez to third
|
|
Batting: LHB Danny Schultz
|
0-0: Ball 1-0: Called Strike 1-1: Called Strike Ryan Bentz is caught stealing 2nd base 2-6 1-2: SINGLE (Groundball, 4MD, EV 105.0 MPH) Ivan Alvarez scores
|
|
Batting: RHB Graham Calvert
|
0-0: Ball 1-0: Called Strike 1-1: Called Strike 1-2: Foul Ball, location: 2F 1-2: Foul Ball, location: 2F 1-2: Reached on error, E4 (Groundball, 4, EV 107.5 MPH) Danny Schultz to second
|
|
Batting: RHB Luis Roman
|
0-0: Ball 1-0: Foul Ball, location: 2F 1-1: Fly out, F9 (Flyball, 89M, EV 92.5 MPH)
|
| Top of the 3rd over - 1 run, 2 hits, 1 error, 2 left on base; Aberdeen 1 - Connecticut 0 |
| BOTTOM OF THE 3RD |
|
Connecticut Tigers batting - Pitching for Aberdeen Ironbirds : LHP Oliver Troiano
|
|
Batting: LHB Iestyn Peacock
|
0-0: Ball 1-0: Fly out, F7 (Flyball, 7, EV 76.9 MPH)
|
|
Batting: RHB Seth Fox
|
0-0: Called Strike 0-1: Ground out 4-3 (Groundball, 34, EV 90.6 MPH)
|
|
Batting: RHB Yaremka Rzhevsky
|
0-0: Foul Ball, location: 2F 0-1: Ball 1-1: Called Strike 1-2: Foul Ball, location: 2F 1-2: SINGLE (Groundball, 56D, EV 101.9 MPH)
|
|
Batting: RHB Tony Nunez
|
0-0: Called Strike 0-1: Ball 1-1: Foul Ball, location: 2F Pickoff Play to 1st, Runner tries for 2nd, SAFE after rundown. 1-2: Strikes out swinging
|
| Bottom of the 3rd over - 0 runs, 1 hit, 0 errors, 1 left on base; Aberdeen 1 - Connecticut 0 |
| TOP OF THE 4TH |
|
Aberdeen Ironbirds batting - Pitching for Connecticut Tigers : LHP Randolph Main
|
|
Batting: LHB Chris Cohen
|
0-0: Called Strike 0-1: Foul Ball, location: 2F 0-2: Strikes out swinging
|
|
Batting: LHB Chris Barrera
|
0-0: Fly out, F6 (Line Drive, 6M, EV 73.1 MPH)
|
|
Batting: RHB Tim Cleary
|
0-0: Ball 1-0: Called Strike 1-1: Foul Ball, location: 2F 1-2: Ball 2-2: Ball 3-2: Fly out, F8 (Flyball, 8LD, EV 93.8 MPH)
|
| Top of the 4th over - 0 runs, 0 hits, 0 errors, 0 left on base; Aberdeen 1 - Connecticut 0 |
| BOTTOM OF THE 4TH |
|
Connecticut Tigers batting - Pitching for Aberdeen Ironbirds : LHP Oliver Troiano
|
|
Batting: SHB Ronnie Lundy
|
0-0: Called Strike 0-1: Ball 1-1: Ground out 6-3 (Groundball, 6, EV 88.1 MPH)
|
|
Batting: LHB Jon Pedlar
|
0-0: Ball 1-0: Called Strike 1-1: Swinging Strike 1-2: Ball 2-2: Ball 3-2: Strikes out swinging, 2-3 out at first.
|
|
Batting: LHB Ryan Adams
|
0-0: Ball 1-0: Swinging Strike 1-1: Called Strike 1-2: Ball 2-2: Fly out, F8 (Flyball, 89M, EV 90.0 MPH)
|
| Bottom of the 4th over - 0 runs, 0 hits, 0 errors, 0 left on base; Aberdeen 1 - Connecticut 0 |
| TOP OF THE 5TH |
|
Aberdeen Ironbirds batting - Pitching for Connecticut Tigers : LHP Randolph Main
|
|
Batting: LHB Ivan Alvarez
|
0-0: Ball 1-0: Called Strike 1-1: Called Strike 1-2: Reached on error, E6 (Groundball, 6M, EV 102.5 MPH)
|
|
Batting: LHB Antonio Gutierrez
|
0-0: Fly out, F8 (Flyball, 8RD, EV 83.1 MPH)
|
|
Batting: RHB Ryan Bentz
|
0-0: Grounds into double play, 6-4-3 (Groundball, 6, EV 106.9 MPH)
|
| Top of the 5th over - 0 runs, 0 hits, 1 error, 0 left on base; Aberdeen 1 - Connecticut 0 |
| BOTTOM OF THE 5TH |
|
Connecticut Tigers batting - Pitching for Aberdeen Ironbirds : LHP Oliver Troiano
|
|
Batting: LHB Glen Boyle
|
0-0: Called Strike 0-1: Ball 1-1: Called Strike 1-2: SINGLE (Line Drive, 7S, EV 94.4 MPH)
|
|
Batting: RHB Dustin Bursell
|
0-0: Ball 1-0: Called Strike 1-1: Foul Ball, location: 2F 1-2: Ball 2-2: Grounds into double play, 4-6-3 (Groundball, 4, EV 81.9 MPH)
|
|
Batting: LHB Iestyn Peacock
|
0-0: Called Strike 0-1: Ground out U3 (Groundball, 3, EV 93.1 MPH)
|
| Bottom of the 5th over - 0 runs, 1 hit, 0 errors, 0 left on base; Aberdeen 1 - Connecticut 0 |
| TOP OF THE 6TH |
|
Aberdeen Ironbirds batting - Pitching for Connecticut Tigers : LHP Randolph Main
|
|
Batting: LHB Danny Schultz
|
0-0: Ball 1-0: Fly out, F7 (Flyball, 78M, EV 89.4 MPH)
|
|
Batting: RHB Graham Calvert
|
0-0: Called Strike 0-1: Swinging Strike 0-2: Ball 1-2: SINGLE (Groundball, 6MD, EV 109.4 MPH)
|
|
Pitching: RHP Bert Hernandez
|
|
|
Batting: RHB Luis Roman
|
0-0: Ball 1-0: Called Strike 1-1: Grounds into double play, 4-6-3 (Groundball, 34, EV 108.1 MPH)
|
| Top of the 6th over - 0 runs, 1 hit, 0 errors, 0 left on base; Aberdeen 1 - Connecticut 0 |
| BOTTOM OF THE 6TH |
|
Connecticut Tigers batting - Pitching for Aberdeen Ironbirds : LHP Oliver Troiano
|
|
Batting: RHB Seth Fox
|
0-0: Called Strike 0-1: Swinging Strike 0-2: Ball 1-2: Strikes out swinging
|
|
Batting: RHB Yaremka Rzhevsky
|
0-0: Ball 1-0: Called Strike 1-1: Ground out 6-3 (Groundball, 6, EV 87.5 MPH)
|
|
Batting: RHB Tony Nunez
|
0-0: Ball 1-0: Called Strike 1-1: Ball 2-1: Fly out, F9 (Flyball, 9, EV 93.1 MPH)
|
| Bottom of the 6th over - 0 runs, 0 hits, 0 errors, 0 left on base; Aberdeen 1 - Connecticut 0 |
| TOP OF THE 7TH |
|
Aberdeen Ironbirds batting - Pitching for Connecticut Tigers : RHP Bert Hernandez
|
|
Batting: LHB Chris Cohen
|
0-0: Ball 1-0: Foul Ball, location: 2F 1-1: Swinging Strike 1-2: Strikes out swinging
|
|
Batting: LHB Chris Barrera
|
0-0: Foul Ball, location: 2F 0-1: Foul Ball, location: 2F 0-2: SINGLE (Line Drive, 6MD, EV 103.8 MPH)
|
|
Batting: RHB Tim Cleary
|
0-0: Fielders Choice at 2nd, 6-4 (Groundball, 56, EV 89.4 MPH)
|
|
Batting: LHB Ivan Alvarez
|
0-0: Called Strike 0-1: Called Strike 0-2: Strikes out looking
|
| Top of the 7th over - 0 runs, 1 hit, 0 errors, 1 left on base; Aberdeen 1 - Connecticut 0 |
| BOTTOM OF THE 7TH |
|
Connecticut Tigers batting - Pitching for Aberdeen Ironbirds : LHP Oliver Troiano
|
|
Batting: SHB Ronnie Lundy
|
0-0: Ball 1-0: Called Strike 1-1: Ball 2-1: SINGLE (Groundball, 4MD, EV 100.0 MPH)
|
|
Batting: LHB Jon Pedlar
|
0-0: Ball 1-0: Fly out, F9 (Line Drive, 9S, EV 88.8 MPH)
|
|
Pinch Hitting: RHB Brandon Everett
|
0-0: Called Strike Ronnie Lundy is caught stealing 2nd base 2-4 0-1: Ball 1-1: Foul Ball, location: 2F 1-2: Ground out 6-3 (Groundball, 6, EV 82.5 MPH)
|
| Bottom of the 7th over - 0 runs, 1 hit, 0 errors, 0 left on base; Aberdeen 1 - Connecticut 0 |
| TOP OF THE 8TH |
|
Aberdeen Ironbirds batting - Pitching for Connecticut Tigers : RHP Bert Hernandez
|
|
Now at 2B: Brandon Everett
|
|
|
Now at 3B: Dustin Bursell
|
|
|
Now at SS: Yaremka Rzhevsky
|
|
|
Batting: LHB Antonio Gutierrez
|
0-0: Fly out, F9 (Flyball, 9LM, EV 91.2 MPH)
|
|
Batting: RHB Ryan Bentz
|
0-0: Called Strike 0-1: Foul Ball, location: 2F 0-2: Foul Ball, location: 2F 0-2: Ball 1-2: Fly out, F7 (Flyball, 78S, EV 81.9 MPH)
|
|
Batting: LHB Danny Schultz
|
0-0: Called Strike 0-1: Ball 1-1: Called Strike 1-2: Strikes out swinging, 2-3 out at first.
|
| Top of the 8th over - 0 runs, 0 hits, 0 errors, 0 left on base; Aberdeen 1 - Connecticut 0 |
| BOTTOM OF THE 8TH |
|
Connecticut Tigers batting - Pitching for Aberdeen Ironbirds : LHP Oliver Troiano
|
|
Pitching: RHP Harold Price
|
|
|
Batting: LHB Glen Boyle
|
0-0: Ball 1-0: Called Strike 1-1: Swinging Strike 1-2: Strikes out swinging
|
|
Pinch Hitting: LHB Steve Herrera
|
0-0: Called Strike 0-1: Ball 1-1: SINGLE (Groundball, 4MD, EV 108.1 MPH)
|
|
Batting: LHB Iestyn Peacock
|
0-0: Ground out 5-3 (Groundball, 5, EV 100.0 MPH) Steve Herrera to second
|
|
Pinch Hitting: SHB Isaiah Bias
|
0-0: SINGLE (Groundball, 34D, EV 97.5 MPH) Steve Herrera to third
|
|
Batting: RHB Yaremka Rzhevsky
|
0-0: Ground out 1-3 (Groundball, 34S, EV 73.8 MPH)
|
| Bottom of the 8th over - 0 runs, 2 hits, 0 errors, 2 left on base; Aberdeen 1 - Connecticut 0 |
| TOP OF THE 9TH |
|
Aberdeen Ironbirds batting - Pitching for Connecticut Tigers : RHP Bert Hernandez
|
|
Now at 3B: Billy Verdusco
|
|
|
Now in CF: Iestyn Peacock
|
|
|
Now in RF: Steve Herrera
|
|
|
Batting: RHB Graham Calvert
|
0-0: SINGLE (Groundball, 4MS, EV 75.6 MPH) (infield hit)
|
|
Pitching: RHP Matt Haberle
|
|
|
Batting: RHB Luis Roman
|
0-0: Ball 1-0: Foul Ball, location: 2F 1-1: Foul Ball, location: 2F 1-2: Fly out, F9 (Flyball, 89M, EV 86.2 MPH)
|
|
Batting: LHB Chris Cohen
|
0-0: Swinging Strike 0-1: Ball 1-1: Foul Ball, location: 2F 1-2: Strikes out swinging
|
|
Batting: LHB Chris Barrera
|
0-0: Called Strike 0-1: Ball 1-1: SINGLE (Groundball, 34D, EV 98.8 MPH) Graham Calvert to second Runner from 2nd tries for 3rd, SAFE, throw by RF made to third
|
|
Batting: RHB Tim Cleary
|
0-0: Ball 1-0: Swinging Strike 1-1: Swinging Strike 1-2: Ball 2-2: Strikes out swinging
|
| Top of the 9th over - 0 runs, 2 hits, 0 errors, 2 left on base; Aberdeen 1 - Connecticut 0 |
| BOTTOM OF THE 9TH |
|
Connecticut Tigers batting - Pitching for Aberdeen Ironbirds : RHP Harold Price
|
|
Pitching: LHP Ronnie Pickering
|
|
|
Batting: RHB Tony Nunez
|
0-0: Ball 1-0: Ground out 6-3 (Groundball, 56, EV 86.9 MPH)
|
|
Batting: SHB Ronnie Lundy
|
0-0: Swinging Strike 0-1: Foul Ball, location: 2F 0-2: Strikes out swinging
|
|
Batting: LHB Jon Pedlar
|
0-0: Ball 1-0: Ball 2-0: Called Strike 2-1: Swinging Strike 2-2: Ground out 4-3 (Groundball, 4, EV 84.4 MPH)
|
| Bottom of the 9th over - 0 runs, 0 hits, 0 errors, 0 left on base; Aberdeen 1 - Connecticut 0 |
|